 Dungeon Crawl Stone Soup version 0.30-a0-596-g0af90f9a20 (webtiles) character file.

Game seed: 4925872798226355336

143 Newt the Sneak (level 5, -7/58 HPs)
             Began as a Demonspawn Gladiator on Jan 6, 2023.
             Was a Follower of Ashenzari.
             Mangled by Menkaure (17 damage)
             ... on level 4 of the Dungeon.
             The game lasted 00:05:15 (3291 turns).

Newt the Sneak (Demonspawn Gladiator)               Turns: 3291, Time: 00:05:16

Health: -7/58      AC: 22    Str: 14    XL:     5   Next: 4%
Magic:  10/10      EV:  2    Int: 12    God:    Ashenzari [*.....]
Gold:   154        SH:  0    Dex: 14    Spells: 8/10 levels left

rFire   . . .      SeeInvis .    a - +0 rapier
rCold   . . .      Faith    +    (no shield)
rNeg    . . .      Spirit   .    (body armour currently unavailable)
rPois   +          Reflect  .    (helmet currently unavailable)
rElec   .          Harm     .    (cloak currently unavailable)
rCorr   .          Rampage  .    (gloves currently unavailable)
Will    .....      NoTele   +    (boots currently unavailable)
Stlth   ++                       l - amulet of the Eternal Failure {Faith, Melee, Self} (curse)
HPRegen 0.29/turn                (no ring)
MPRegen 0.12/turn                (no ring)

@: tree-form, hasted, very quick
A: stationary, stasis, torment immunity, boosted hp, demonic magic 1
a: Renounce Religion, Shatter the Chains


You were on level 4 of the Dungeon.
You worshipped Ashenzari.
Ashenzari was aware of your devotion.
You were a tree.
You visited 1 branch of the dungeon, and saw 4 of its levels.

You collected 154 gold pieces.

Inventory:

Hand Weapons
 a - a +0 rapier (weapon)
Missiles
 g - 20 stones (quivered)
Armour
 b - a +0 leather armour (melded)
 c - a +0 helmet (melded)
 m - the cursed +1 cloak of Ashenzari's Portent (melded) {Self, Cun}
   (You found it on level 1 of the Dungeon)

   It has a curse which improves the following skills: Introspection: Fighting
   and Spellcasting.
   Cunning:   Dodging and Stealth.
Jewellery
 l - the cursed amulet of the Eternal Failure (around neck) {Faith, Melee, Self}
   (You found it on level 1 of the Dungeon)

   [amulet of faith]

   It allows you to gain divine favour quickly.
   It has a curse which improves the following skills: Melee Combat: Short
   Blades, Long Blades, Axes, Maces & Flails, Polearms, Staves and Unarmed
   Combat.
   Introspection: Fighting and Spellcasting.
 p - an amulet of magic regeneration
Scrolls
 i - a scroll of enchant armour
 o - a scroll of vulnerability
 r - a scroll of poison
 t - 2 scrolls of teleportation
 u - a scroll of fear
Potions
 f - a potion of brilliance
 q - a potion of cancellation
 s - a potion of magic


   Skills:
 - Level 2.0(2.6) Fighting
 - Level 2.6(3.4) Short Blades
 - Level 1.7 Throwing
 - Level 2.6 Dodging
 - Level 3.0 Stealth
 - Level 2.7(3.4) Spellcasting
 + Level 0.6 Necromancy
 + Level 0.4 Air Magic
 + Level 0.5 Poison Magic


You had 8 spell levels left.
You knew the following spells:

 Your Spells              Type           Power      Damage    Failure   Level
a - Cigotuvi's Dreadful   Necr/Pois/Air  6%         N/A       28%         2

Your spell library contained the following spells:

 Spells                   Type           Power      Damage    Failure   Level
 Poisonous Vapours        Pois/Air       6%         N/A       28%         2
 Mephitic Cloud           Conj/Pois/Air  2%         N/A       52%         3


Dungeon Overview and Level Annotations

Branches:
Dungeon (4/15)             Temple (0/1) D:4

Altars:
Ashenzari
Gozag
Makhleb
Nemelex Xobeh
Okawaru

Annotations:
D:4 Menkaure


Innate Abilities, Weirdness & Mutations

You are a tree.
Your roots penetrate the ground, keeping you stationary.
You cannot be teleported.
You are immune to unholy pain and torment.
Your maximum health is greatly increased.
Your equipment is partially melded.
Spells you cast may paralyse adjacent enemies.


Message History

You hit Menkaure.
Menkaure is moderately damaged.
You hit Menkaure but do no damage.
Menkaure is moderately damaged.
Menkaure hits you but does no damage.
You hit Menkaure.
Menkaure is heavily damaged.
Menkaure hits you.
You hit Menkaure but do no damage.
Menkaure is heavily damaged.
Menkaure hits you.
You hit Menkaure.
Menkaure is severely damaged.
Menkaure hits you!
You hit Menkaure.
Menkaure is severely damaged.
Menkaure hits you but does no damage.
You hit Menkaure but do no damage.
Menkaure is severely damaged.
You hit Menkaure.
Menkaure is severely damaged.
Menkaure hits you!
You hit Menkaure but do no damage.
Menkaure is severely damaged.
Menkaure hits you but does no damage.
You barely miss Menkaure.
Menkaure is severely damaged.
Menkaure hits you.
You hit Menkaure but do no damage.
Menkaure is severely damaged.
Menkaure hits you!
* * * LOW HITPOINT WARNING * * *
Throw: javelin
Press: ? - help, Shift-Dir - straight line, f - Menkaure
Aim: Menkaure (severely damaged, fast, 74% to hit)
You throw a javelin.
The javelin pierces through Menkaure but does no damage.
Menkaure is severely damaged.
Menkaure hits you!
You die...

#.. ..######
#......#####
#..........###
#............##
#..............
#..............
#....♣.........
#....M.........
##...........#
#......)..###
#........## #.#
#......###....#
##....#....# .>
#####.(..#####
....###.....####


You could see Menkaure (fast).

Vanquished Creatures
  Terence (D:2)
  3 gnolls (D:3)
  2 adders
  A worm (D:3)
  A dart slug (D:1)
  4 orcs (D:2)
  9 endoplasms
  3 giant cockroaches
  7 goblins
  6 hobgoblins
  2 quokkas
  4 ball pythons
  4 bats
  3 frilled lizards
  6 kobolds
  8 rats
64 creatures vanquished.

Notes
Turn   | Place    | Note
-------+----------+-------------------------------------------
     0 | D:1      | Newt the Demonspawn Gladiator began the quest for the Orb.
     0 | D:1      | Reached XP level 1. HP: 16/16 MP: 1/1
    43 | D:1      | Reached skill level 1 in Stealth
   248 | D:1      | Gained mutation: Spells you cast may paralyse adjacent
                  | enemies. [demonic ancestry]
   248 | D:1      | Reached XP level 2. HP: 22/22 MP: 2/2
   364 | D:1      | Reached skill level 2 in Stealth
   769 | D:2      | Reached XP level 3. HP: 27/27 MP: 3/3
   803 | D:2      | Learned a level 2 spell: Cigotuvi's Dreadful Rot
   851 | D:2      | Noticed Terence
   880 | D:2      | Killed Terence
   881 | D:2      | Reached skill level 3 in Stealth
   881 | D:2      | Reached skill level 1 in Spellcasting
  1049 | D:2      | Reached XP level 4. HP: 33/33 MP: 6/6
  1357 | D:2      | Found a faded altar of an unknown god.
  1422 | D:2      | Prayed at the altar of an unknown god.
  1422 | D:2      | Became a worshipper of Ashenzari the Shackled
  1538 | D:3      | Found an iron altar of Okawaru.
  2126 | D:3      | Reached XP level 5. HP: 37/39 MP: 9/9
  2279 | D:3      | Found a sparkling altar of Nemelex Xobeh.
  2281 | D:3      | Found a burning altar of Makhleb.
  2283 | D:3      | Found an opulent altar of Gozag.
  2577 | D:4      | Found a staircase to the Ecumenical Temple.
  2579 | D:4      | Noticed Menkaure
  2591 | D:4      | Reached * piety under Ashenzari
  2593 | D:4      | HP: 2/41 [Menkaure/nerve-wracking pain (8)]
  2602 | D:4      | HP: 2/41 [Menkaure (15)]
  3291 | D:4      | Mangled by Menkaure

Illustrated notes

Levels and vault maps discovered:
D:1:      sevenhm_arrival_forest_fort_small_3, layout_basic
D:2:      layout_rooms, hellmonk_ecumenical_altar_defaced_shrine, uniq_terence
D:3:      layout_basic, mainiacjoe_overflow_alcove_3, lemuel_crystal_altar
D:4:      layout_cave_pods, minmay_temple_entry_drinking_statues,
          ebering_ghost_sewer_d, dk_noncrumbling_2, uniq_menkaure, uniq_pikel

Skill      XL: |  1  2  3  4 |
---------------+-------------+-----
Stealth        | 1 2 3 |  3.0
Spellcasting   | 1 2 |  2.7
Fighting       | |  2.0
Short Blades   | |  2.6
Throwing       | |  1.7
Dodging        | |  2.6
Necromancy     | |  0.6
Air Magic      | |  0.4
Poison Magic   | |  0.5

Action                   |  1- 3 |  4- 6 || total
-------------------------+-------+-------++-------
Melee: Rapier            |   103 |   135 ||   238
       Punch             |       |     3 ||     3
Throw: Throwing net      |     3 |     2 ||     5
       Javelin           |     1 |     2 ||     3
Invok: Curse Item        |       |     2 ||     2
  Use: Potion            |     3 |     7 ||    10
       Scroll            |     2 |     4 ||     6
 Stab: Sleeping          |     6 |     6 ||    12
       Held in net/web   |     1 |       ||     1
Armor: Leather armour    |    38 |    45 ||    83
       Skin              |       |     3 ||     3
Dodge: Dodged            |    50 |    76 ||   126

Table legend: (Time is in decaauts)
 A = Elapsed time spent in this place.
 B = Non-inter-level travel time spent in this place.
 C = Inter-level travel time spent in this place.
 D = Time resting spent in this place.
 E = Time spent auto-exploring this place.
 F = Levels seen in this place.
 G = Mean time per level.
                   A        B        C        D        E       F      G
               +--------+--------+--------+--------+--------+-----+--------+
         Total |   3272 |   3174 |     98 |   1082 |   1529 |   4 |  818.0 |
       Dungeon |   3272 |   3174 |     98 |   1082 |   1529 |   4 |  818.0 |
               +--------+--------+--------+--------+--------+-----+--------+

Top non-repeatable levels by time:
     D:3: 1674 daAuts
     D:2: 936 daAuts
     D:1: 594 daAuts
     D:4: 65 daAuts
